 Dungeon Crawl Stone Soup version 0.16.1-11-g651b585 (webtiles) character file.

2909 karlm the Fighter (level 9, 0/101 HPs)
             Began as an Ogre Hunter on Apr 2, 2015.
             Was a Follower of Trog.
             Slain by a hippogriff (3 damage)
             ... on level 7 of the Dungeon.
             The game lasted 00:25:48 (9178 turns).

karlm the Fighter (Ogre Hunter)                     Turns: 9178, Time: 00:25:48

Health: 0/101      AC:  4    Str: 21    XL:     9   Next: 78%
Magic:  9/9        EV: 12    Int: 10    God:    Trog [*.....]
Gold:   523        SH:  0    Dex: 13    Spells: 0 memorised, 8 levels left

rFire  . . .     SeeInvis .     S - +1 giant spiked club
rCold  . . .     Clarity  .     d - +1 animal skin
rNeg   . . .     SustAb   .     (shield restricted)
rPois  +         Gourm    .     (helmet restricted)
rElec  .         Spirit   .     (no cloak)
rCorr  .         Warding  .     (gloves unavailable)
rMut   .         Stasis   .     (boots unavailable)
MR     .....                    (no amulet)
Stlth  +.........               I - ring of poison resistance
                                p - +2 ring of dexterity

@: lethally poisoned (0 -> 0), not resistant to hostile enchantments, very
unstealthy
A: unfitting armour, tough skin 1
a: Burn Spellbooks, Berserk, Renounce Religion


You were on level 7 of the Dungeon.
You worshipped Trog.
Trog was aware of your devotion.
You were not hungry.

You visited 2 branches of the dungeon, and saw 8 of its levels.

You collected 523 gold pieces.

Inventory:

Hand weapons
 S - a +1 giant spiked club (weapon)
Missiles
 a - 8 tomahawks (quivered)
 c - 2 throwing nets
 i - 32 poisoned needles
 o - 180 stones
Armour
 d - a +1 animal skin (worn)
Jewellery
 p - a +2 ring of dexterity (left hand)
 I - a ring of poison resistance (right hand)
Magical devices
 y - a wand of random effects (17)
 A - a wand of polymorph (6)
 D - a wand of flame (29)
 E - a wand of enslavement (12)
 K - a wand of magic darts (0)
 L - a wand of random effects (13)
 T - a wand of paralysis (15)
Scrolls
 e - a scroll of amnesia
 f - 3 scrolls of teleportation
 g - 3 scrolls of remove curse
 h - a scroll of blinking
 j - 3 scrolls of enchant armour
 l - 2 scrolls of recharging
 s - 3 scrolls of magic mapping
 G - 2 scrolls of fog
 N - a scroll of noise
Potions
 k - a potion of ambrosia
 m - a potion of restore abilities {unknown}
 n - a potion of flight
 r - 2 potions of agility
 t - 4 potions of poison
 w - a potion of invisibility
 x - a potion of beneficial mutation {unknown}
 z - a potion of berserk rage {unknown}
 F - a potion of heal wounds
 J - 2 potions of might
Books
 u - an Akashic Record {highlevel, unknown}

   This book is beyond your current level of understanding.

   Spells                             Type                      Level
   a - Dispersal                      Translocation                6
   b - Controlled Blink               Translocation                7
   c - Malign Gateway                 Summoning/Translocation      7
   d - Disjunction                    Translocation                8
   e - Singularity                    Translocation                9
   Trog disapproves of the use of such an item.
 R - a Grand Grimoire {highlevel, unknown}

   This book is beyond your current level of understanding.

   Spells                             Type                      Level
   a - Aura of Abjuration             Summoning                    6
   b - Summon Greater Demon           Summoning                    7
   c - Malign Gateway                 Summoning/Translocation      7
   d - Summon Horrible Things         Summoning                    8
   Trog disapproves of the use of such an item.
Comestibles
 q - 6 bread rations
 v - 2 royal jellies
 H - 4 meat rations
 O - 2 fruits


   Skills:
 * Level 10.1 Fighting
 * Level 9.9 Maces & Flails
 + Level 7.4 Throwing
 + Level 5.1 Dodging
 - Level 1.0 Stealth


You had 8 spell levels left.
You didn't know any spells.

Dungeon Overview and Level Annotations

Branches:
Dungeon (7/15)             Temple (1/1) D:5

Altars:
Ashenzari
Dithmenos
Elyvilon
Fedhas
Kikubaaqudgha
Makhleb
Nemelex Xobeh
Ru
Sif Muna
Trog
Vehumet
Xom
Yredelemnul
Zin

Shops:
D:5 *   D:7 }


Innate Abilities, Weirdness & Mutations

You are too large for most types of armour.
You have tough skin (AC +1).


Message History

* * * LOW HITPOINT WARNING * * *
You bludgeon the hippogriff!!
The hippogriff is heavily wounded.
You feel sick. The hippogriff bites you.
* * * LOW HITPOINT WARNING * * *
The hippogriff closely misses you. The hippogriff misses you.
You sock the hippogriff!
The hippogriff is severely wounded.
The hippogriff bites you!
* * * LOW HITPOINT WARNING * * *
The hippogriff pecks you.
* * * LOW HITPOINT WARNING * * *
The hippogriff claws you.
* * * LOW HITPOINT WARNING * * *
You barely miss the hippogriff.
The hippogriff is severely wounded.
The hippogriff bites you.
* * * LOW HITPOINT WARNING * * *
The hippogriff pecks you.
You die...

#,*#.# #.# #.#######.##...
#.##.####.# ##.# #.#....
#.........# #..# #......
####.###..# #.## ####### #.# #..#
#.# ##.. #######.# #.)# #.# ##...
#(.(.†..# #..###.## #....
#(####### #..##.#.## #....
###.#########..#@###.########....
............#..H## ##.......##...
.##.#######.#.##.###.##########..
.##[# #.#.###.#.## ### .##.#
#.#.####.####### .##.#
#..............# .##.####
#...###..#####.#
.##....####.)..##.## #.#
.##..........#.##.# ##.##


You could see a hippogriff.

Vanquished Creatures
  A hydra (D:7)
  A water moccasin (D:6)
  An ice beast (D:5)
  A necrophage (D:6)
  A phantom (D:6)
  6 ogres
  Duvessa (D:7)
  5 giant frogs
  A scorpion (D:7)
  5 killer bees
  5 crimson imps
  Dowan (D:7)
  A jelly (D:4)
  2 giant frog skeletons
  A hound (D:7)
  An iguana (D:4)
  4 worker ants
  An orc wizard (D:5)
  A mummy (D:4)
  13 adders
  A worm (D:3)
  2 giant geckos (D:1)
  9 orcs
  3 ball pythons
  A bat zombie (D:7)
  5 giant cockroaches
  10 goblins
  12 hobgoblins
  8 kobolds
  13 bats
  4 giant newts
  A hobgoblin zombie (D:4)
  5 jackals
  2 kobold zombies (D:4)
  An orc zombie (D:4)
  A quokka zombie (D:6)
  11 rats
  A plant (Temple)
143 creatures vanquished.

Notes
Turn   | Place    | Note
--------------------------------------------------------------
     0 | D:1      | karlm, the Ogre Hunter, began the quest for the Orb.
     0 | D:1      | Reached XP level 1. HP: 22/22 MP: 1/1
   145 | D:1      | Reached skill level 1 in Stealth
   356 | D:1      | Reached XP level 2. HP: 31/31 MP: 2/2
   588 | D:1      | Reached skill level 1 in Maces & Flails
  1058 | D:1      | Reached XP level 3. HP: 20/37 MP: 3/3
  2150 | D:2      | Reached XP level 4. HP: 32/46 MP: 4/4
  3025 | D:3      | Found a shattered altar of Ashenzari.
  3352 | D:3      | Reached XP level 5. HP: 28/54 MP: 5/5
  3912 | D:4      | Reached skill level 5 in Throwing
  3948 | D:4      | Found a deep blue altar of Sif Muna.
  4226 | D:4      | Reached XP level 6. HP: 35/65 MP: 6/6
  4346 | D:4      | Reached skill level 5 in Fighting
  4356 | D:4      | HP: 3/66 [poisoned by a worker ant]
  4362 | D:4      | HP: 3/66 [poisoned by a worker ant]
  4370 | D:4      | HP: 2/66 [poisoned by a worker ant]
  5043 | D:4      | Found a glowing silver altar of Zin.
  5044 | D:4      | Found a basalt altar of Yredelemnul.
  5102 | D:5      | Entered Level 5 of the Dungeon
  5106 | D:5      | Reached skill level 5 in Maces & Flails
  5430 | D:5      | Reached XP level 7. HP: 20/74 MP: 7/7
  5705 | D:5      | Reached skill level 6 in Fighting
  6393 | D:5      | Found Clefreac's Assorted Antiques.
  6632 | D:5      | Found a staircase to the Ecumenical Temple.
  6665 | Temple   | Entered the Ecumenical Temple
  6699 | Temple   | Became a worshipper of Trog the Wrathful
  7060 | D:6      | Reached XP level 8. HP: 76/84 MP: 8/8
  7271 | D:6      | Reached skill level 7 in Fighting
  8007 | D:7      | Reached skill level 8 in Fighting
  8146 | D:7      | Noticed a four-headed hydra
  8261 | D:7      | Found a burning altar of Makhleb.
  8261 | D:7      | Found a radiant altar of Vehumet.
  8333 | D:7      | Reached XP level 9. HP: 75/97 MP: 9/9
  8469 | D:7      | Acquired Trog's first power
  8469 | D:7      | Reached skill level 9 in Fighting
  8515 | D:7      | Killed a four-headed hydra
  8515 | D:7      | Reached skill level 5 in Dodging
  8719 | D:7      | Found Shriys' Gadget Shoppe.
  8791 | D:7      | Noticed Duvessa
  8791 | D:7      | Noticed Dowan
  8798 | D:7      | Killed Duvessa
  8802 | D:7      | Killed Dowan
  8882 | D:7      | Reached skill level 10 in Fighting
  9178 | D:7      | HP: 3/101 [hippogriff (6)]
  9178 | D:7      | Slain by a hippogriff

Action                   |  1- 3 |  4- 6 |  7- 9 || total
-------------------------+-------+-------+-------++-------
Melee: Short sword       |    10 |       |       ||    10
       Club              |   104 |       |       ||   104
       Whip              |    47 |     9 |       ||    56
       Flail             |       |   126 |       ||   126
       Mace              |       |     4 |       ||     4
       Giant club        |       |    12 |   142 ||   154
       Giant spiked club |       |       |    26 ||    26
Throw: Large rock        |    17 |     8 |    21 ||    46
       Stone             |       |    18 |       ||    18
       Tomahawk          |       |       |     5 ||     5
Evoke: Wand              |       |       |     1 ||     1
  Use: Potion            |       |     2 |     3 ||     5
       Scroll            |       |       |    21 ||    21
 Stab: Sleeping          |     2 |       |     2 ||     4
  Eat: Chunk             |     4 |     6 |     7 ||    17
       Bread ration      |       |     1 |       ||     1
       Meat ration       |       |       |     1 ||     1
